[ AOE2 MATCH · #506903772 ]
UnrankedSaracens vs Goths
Player's team · WIN
Rival team · LOSS
[ REPLAY ANALYSIS · EXTRACTED FROM THE RECORDED GAME ]
Feudal
10:52
Castle
19:55
Imperial
30:56
| APM avg | 78.8 |
| APM peak | 142 |
| eAPM avg | 40.5 |
| Villagers / military | 115 / 77 |
Focus
⚔️ 23.4% · 🌾 76.6%
Archer ×29 · Mameluke ×26 · Hand Cannoneer ×13 · Trebuchet (Packed) ×6 · Monk ×3
Feudal
8:29
Castle
22:50
Imperial
34:43
| APM avg | 33.3 |
| APM peak | 84 |
| eAPM avg | 16.4 |
| Villagers / military | 90 / 61 |
Focus
⚔️ 32.7% · 🌾 67.3%
Spearman ×39 · Archer ×14 · Huskarl ×6 · Monk ×2
Match map
Initial resources + every placement click. Lines = walls · curves = elevation contours. ◆ gold · ⬟ stone · ● berries · ✦ relic · ◌ wall gap
Your base· ✓ Closed at 19:55 · 14t walls · 3 gate(s)
Valar's base· ✓ Closed at 22:50 · 0t walls · 2 gate(s)
Smoothed initial terrain · ◌ = detected wall gap · hover for details
Inputs per minute
— WryPig - - Valar
Build order — WryPig
First 150 of 347 actions detected
| 0:00 | Queue | Villager (Male) |
| 0:02 | Build | House |
| 0:03 | Build | House |
| 0:06 | Queue | Villager (Male) |
| 0:08 | Queue | Villager (Male) |
| 0:08 | Queue | Villager (Male) |
| 1:19 | Queue | Villager (Male) |
| 1:55 | Queue | Villager (Male) |
| 2:01 | Queue | Villager (Male) |
| 2:33 | Build | Lumber Camp |
| 2:37 | Build | Lumber Camp |
| 2:42 | Queue | Villager (Male) |
| 2:50 | Queue | Villager (Male) |
| 2:50 | Queue | Villager (Male) |
| 3:09 | Queue | Villager (Male) |
| 3:29 | Queue | Villager (Male) |
| 3:29 | Queue | Villager (Male) |
| 3:30 | Queue | Villager (Male) |
| 3:49 | Build | House |
| 3:55 | Build | House |
| 4:07 | Queue | Villager (Male) |
| 4:40 | Queue | Villager (Male) |
| 4:40 | Queue | Villager (Male) |
| 4:50 | Queue | Villager (Male) |
| 4:58 | Build | Mill |
| 4:58 | Queue | Villager (Male) |
| 4:59 | Queue | Villager (Male) |
| 5:02 | Queue | Villager (Male) |
| 5:36 | Queue | Villager (Male) |
| 6:08 | Queue | Villager (Male) |
| 6:09 | Queue | Villager (Male) |
| 6:23 | Build | Mining Camp |
| 6:26 | Queue | Villager (Male) |
| 6:26 | Queue | Villager (Male) |
| 6:26 | Queue | Villager (Male) |
| 6:26 | Queue | Villager (Male) |
| 7:01 | Queue | Villager (Male) |
| 7:12 | Build | Farm |
| 7:13 | Build | Farm |
| 7:27 | Queue | Villager (Male) |
| 7:43 | Queue | Villager (Male) |
| 7:45 | Queue | Villager (Male) |
| 7:46 | Queue | Villager (Male) |
| 8:05 | Research | Loom |
| 8:05 | Research | Feudal Age |
| 8:27 | Build | House |
| 9:06 | Build | Barracks |
| 9:11 | Build | Palisade Wall |
| 9:21 | Queue | Villager (Male) |
| 9:22 | Queue | Villager (Male) |
| 9:34 | Queue | Villager (Male) |
| 9:34 | Queue | Villager (Male) |
| 10:09 | Build | Palisade Gate |
| 10:21 | Build | Palisade Gate |
| 10:45 | Queue | Villager (Male) |
| 10:52 | Age | Feudal Age |
| 10:55 | Build | Archery Range |
| 11:23 | Queue | Villager (Male) |
| 11:44 | Build | Blacksmith |
| 11:50 | Queue | Villager (Male) |
| 11:51 | Queue | Archer |
| 11:51 | Queue | Archer |
| 12:02 | Research | Double-Bit Axe |
| 12:27 | Queue | Archer |
| 12:29 | Research | Fletching |
| 12:36 | Build | House |
| 12:41 | Queue | Villager (Male) |
| 12:46 | Build | House |
| 12:56 | Queue | Archer |
| 12:56 | Queue | Archer |
| 13:07 | Queue | Archer |
| 13:09 | Build | House |
| 13:20 | Queue | Archer |
| 13:27 | Build | Farm |
| 13:39 | Build | House |
| 14:01 | Queue | Archer |
| 14:09 | Build | Farm |
| 14:31 | Queue | Archer |
| 14:33 | Queue | Villager (Male) |
| 14:33 | Queue | Villager (Male) |
| 14:39 | Build | Watch Tower |
| 14:47 | Queue | Villager (Male) |
| 14:50 | Build | Market |
| 14:57 | Build | Archery Range |
| 15:14 | Queue | Villager (Male) |
| 15:23 | Build | Mining Camp |
| 15:23 | Queue | Villager (Male) |
| 15:32 | Queue | Archer |
| 15:32 | Queue | Archer |
| 15:32 | Queue | Archer |
| 15:51 | Build | House |
| 16:12 | Queue | Archer |
| 16:15 | Queue | Villager (Male) |
| 16:21 | Build | House |
| 16:22 | Build | House |
| 16:53 | Build | Farm |
| 17:05 | Build | Mining Camp |
| 17:15 | Research | Castle Age |
| 17:15 | Research | Castle Age |
| 17:23 | Queue | Archer |
| 17:23 | Queue | Archer |
| 18:06 | Queue | Archer |
| 18:06 | Queue | Archer |
| 18:18 | Build | Lumber Camp |
| 18:28 | Queue | Archer |
| 18:29 | Queue | Archer |
| 19:04 | Queue | Archer |
| 19:04 | Queue | Archer |
| 19:31 | Build | House |
| 19:44 | Build | House |
| 19:55 | Age | Castle Age |
| 19:58 | Research | Bodkin Arrow |
| 19:58 | Queue | Villager (Male) |
| 19:58 | Queue | Villager (Male) |
| 20:03 | Build | House |
| 20:05 | Build | House |
| 20:39 | Build | Farm |
| 20:40 | Build | Farm |
| 21:00 | Build | Castle |
| 21:04 | Build | Farm |
| 21:06 | Queue | Villager (Male) |
| 21:06 | Queue | Villager (Male) |
| 21:20 | Research | Crossbowman (upgrade) |
| 21:21 | Research | Crossbowman (upgrade) |
| 21:36 | Build | Farm |
| 21:39 | Queue | Villager (Male) |
| 21:39 | Queue | Villager (Male) |
| 21:46 | Build | Monastery |
| 22:11 | Build | Farm |
| 22:12 | Build | Farm |
| 22:13 | Build | Farm |
| 22:17 | Queue | Villager (Male) |
| 22:17 | Queue | Villager (Male) |
| 22:31 | Queue | Monk |
| 22:43 | Queue | Villager (Male) |
| 22:47 | Queue | Archer |
| 22:47 | Queue | Archer |
| 22:58 | Queue | Villager (Male) |
| 23:20 | Queue | Villager (Male) |
| 23:26 | Build | Town Center |
| 23:32 | Queue | Archer |
| 23:32 | Queue | Archer |
| 23:58 | Queue | Villager (Male) |
| 23:59 | Queue | Villager (Male) |
| 24:00 | Build | Farm |
| 24:00 | Build | Farm |
| 24:00 | Build | Farm |
| 24:03 | Queue | Archer |
| 24:03 | Queue | Archer |
| 24:04 | Queue | Archer |
Build order — Valar
First 150 of 267 actions detected
| 0:00 | Queue | Villager (Male) |
| 0:01 | Queue | Villager (Male) |
| 0:01 | Queue | Villager (Male) |
| 0:03 | Build | House |
| 0:04 | Build | House |
| 0:14 | Queue | Villager (Male) |
| 1:26 | Queue | Villager (Male) |
| 1:46 | Build | Lumber Camp |
| 1:59 | Queue | Villager (Male) |
| 2:18 | Queue | Villager (Male) |
| 2:36 | Queue | Villager (Male) |
| 2:54 | Queue | Villager (Male) |
| 2:56 | Research | Loom |
| 3:14 | Queue | Villager (Male) |
| 3:34 | Build | House |
| 3:43 | Queue | Villager (Male) |
| 4:09 | Queue | Villager (Male) |
| 4:22 | Build | Mining Camp |
| 4:33 | Queue | Villager (Male) |
| 4:37 | Research | Loom |
| 5:01 | Queue | Villager (Male) |
| 5:10 | Queue | Villager (Male) |
| 6:19 | Research | Feudal Age |
| 6:56 | Build | House |
| 7:23 | Build | Barracks |
| 8:15 | Queue | Villager (Male) |
| 8:29 | Age | Feudal Age |
| 8:40 | Build | Watch Tower |
| 8:43 | Queue | Villager (Male) |
| 8:50 | Build | Archery Range |
| 8:56 | Queue | Villager (Male) |
| 8:57 | Queue | Villager (Male) |
| 9:44 | Build | House |
| 9:46 | Queue | Archer |
| 10:04 | Queue | Archer |
| 10:09 | Queue | Villager (Male) |
| 10:10 | Queue | Villager (Male) |
| 10:13 | Research | Double-Bit Axe |
| 10:29 | Build | Mining Camp |
| 10:39 | Queue | Archer |
| 10:42 | Queue | Villager (Male) |
| 11:03 | Queue | Villager (Male) |
| 11:18 | Build | House |
| 11:19 | Build | House |
| 11:38 | Build | Blacksmith |
| 11:39 | Queue | Villager (Male) |
| 11:56 | Queue | Villager (Male) |
| 12:27 | Queue | Villager (Male) |
| 12:34 | Research | Fletching |
| 12:36 | Build | House |
| 12:40 | Build | Mill |
| 12:46 | Queue | Archer |
| 13:11 | Queue | Archer |
| 13:13 | Queue | Villager (Male) |
| 13:15 | Build | House |
| 13:16 | Queue | Villager (Male) |
| 13:33 | Queue | Archer |
| 13:33 | Queue | Archer |
| 13:48 | Build | House |
| 14:07 | Build | Watch Tower |
| 14:08 | Queue | Archer |
| 14:09 | Queue | Villager (Male) |
| 14:30 | Queue | Villager (Male) |
| 14:32 | Build | Farm |
| 14:43 | Queue | Archer |
| 14:46 | Queue | Villager (Male) |
| 14:51 | Build | Farm |
| 15:01 | Build | Watch Tower |
| 15:12 | Queue | Villager (Male) |
| 15:13 | Build | Farm |
| 15:23 | Research | Horse Collar |
| 15:34 | Queue | Archer |
| 15:49 | Queue | Villager (Male) |
| 15:56 | Build | Farm |
| 16:08 | Queue | Villager (Male) |
| 16:15 | Build | House |
| 16:16 | Build | House |
| 16:34 | Queue | Villager (Male) |
| 16:45 | Build | Watch Tower |
| 16:48 | Queue | Villager (Male) |
| 17:00 | Queue | Villager (Male) |
| 17:22 | Build | Farm |
| 17:26 | Build | Market |
| 17:41 | Queue | Villager (Male) |
| 18:03 | Queue | Villager (Male) |
| 18:07 | Build | Farm |
| 18:08 | Build | Farm |
| 18:26 | Queue | Villager (Male) |
| 18:31 | Queue | Archer |
| 18:31 | Queue | Archer |
| 19:03 | Build | Farm |
| 19:09 | Build | Lumber Camp |
| 19:11 | Queue | Villager (Male) |
| 19:23 | Queue | Villager (Male) |
| 20:10 | Research | Castle Age |
| 20:30 | Build | House |
| 20:31 | Build | House |
| 21:15 | Research | Stone Mining |
| 21:16 | Research | Gold Mining |
| 21:23 | Queue | Archer |
| 21:23 | Queue | Archer |
| 21:36 | Build | Farm |
| 21:49 | Build | Watch Tower |
| 22:22 | Queue | Villager (Male) |
| 22:28 | Build | Farm |
| 22:30 | Build | Farm |
| 22:50 | Age | Castle Age |
| 22:52 | Research | Crossbowman (upgrade) |
| 23:05 | Research | Bodkin Arrow |
| 24:05 | Build | Castle |
| 24:07 | Queue | Villager (Male) |
| 24:16 | Queue | Villager (Male) |
| 24:20 | Build | Farm |
| 24:21 | Build | Farm |
| 24:49 | Queue | Villager (Male) |
| 25:08 | Build | Farm |
| 25:24 | Queue | Villager (Male) |
| 25:27 | Build | Farm |
| 25:37 | Queue | Huskarl ×5 |
| 25:39 | Queue | Villager (Male) |
| 26:02 | Build | Mining Camp |
| 26:05 | Queue | Villager (Male) |
| 26:12 | Queue | Huskarl |
| 26:14 | Queue | Villager (Male) |
| 26:30 | Queue | Villager (Male) |
| 26:43 | Queue | Villager (Male) |
| 27:19 | Queue | Villager (Male) |
| 27:26 | Build | Monastery |
| 28:08 | Build | Town Center |
| 28:25 | Queue | Villager (Male) |
| 28:28 | Queue | Monk |
| 28:37 | Build | Monastery |
| 28:39 | Queue | Villager (Male) |
| 28:49 | Build | Town Center |
| 28:53 | Research | Bow Saw |
| 29:14 | Build | Monastery |
| 29:17 | Queue | Villager (Male) |
| 29:20 | Queue | Villager (Male) |
| 29:22 | Queue | Villager (Male) |
| 29:28 | Queue | Monk |
| 29:37 | Queue | Villager (Male) |
| 29:39 | Research | Wheelbarrow |
| 29:47 | Queue | Villager (Male) |
| 30:03 | Queue | Villager (Male) |
| 30:07 | Build | Farm |
| 30:24 | Queue | Villager (Male) |
| 30:27 | Build | Farm |
| 30:28 | Build | Farm |
| 30:29 | Build | Farm |
| 30:31 | Build | Farm |
Match timeline
| 7:23 | Valar · first_building Barracks |
| 8:29 | Valar · age_up feudal |
| 8:50 | Valar · first_building Archery Range |
| 9:06 | WryPig · first_building Barracks |
| 9:11 | WryPig · wall_segment Palisade Wall x14 |
| 10:52 | WryPig · age_up feudal |
| 10:55 | WryPig · first_building Archery Range |
| 15:38 | WryPig · first_market_buy 100 food |
| 17:08 | WryPig · first_market_sell 100 wood |
| 18:38 | Valar · first_market_buy 500 food |
| 19:38 | Valar · first_market_sell 100 wood |
| 19:55 | WryPig · age_up castle |
| 21:00 | WryPig · first_building Castle |
| 21:46 | WryPig · first_building Monastery |
| 22:50 | Valar · age_up castle |
| 24:05 | Valar · first_building Castle |
| 27:26 | Valar · first_building Monastery |
| 30:56 | WryPig · age_up imperial |
| 34:43 | Valar · age_up imperial |
| 36:55 | Valar · first_building Siege Workshop |
| 38:34 | Valar · resign |
[ AI ANALYSIS · 1 CREDIT ]
What really happened in this match?
Wolo.gg analyzes every decision: build order, eco, micro, common mistakes by bracket. Personalized analysis on WhatsApp or Discord in 30 seconds.
Civ guide
Saracens
Perfil
Jugador #4039792